Map: Jagannatha LE

Players

BlyOnFire (Bly) - Winner!

  • Race: Zerg Zerg
  • Spawn Location: 7:00

LiquidMaNa (MaNa)

  • Race: Protoss Protoss
  • League: Grandmaster
  • Spawn Location: 1:00

Event: DreamHack SC2 Masters 2020 Winter

VOD

Have the link to the VOD?

Description

Time

  • Played on: Oct. 24, 2020, 12:31 p.m.
  • Length: 10:46

All games in this series

Show
View Real Time Build Order
Export as new Build Order

BlyOnFire Zerg - Winner!

Build Orders: 3 Hatch before Pool 

Get SALT Encoding   

  12  0:00  Drone  
  13  0:12  Overlord  
  13  0:18  Drone  
  14  0:31  Drone x2  
  16  0:50  Drone x2  
  18  1:05  Hatchery  
  17  1:12  Drone  
  18  1:21  Hatchery  
  17  1:26  Drone  
  17  1:27  Extractor  
  17  1:40  Spawning Pool  
  17  1:43  Drone  
  17  1:49  Evolution Chamber  
  17  1:50  Drone  
  17  1:51  Drone  
  19  2:09  Drone  
  19  2:10  Drone  
  21  2:32  Zergling x2, Spine Crawler  
  21  2:33  Zergling x2  
  22  2:39  Queen  
  22  2:40  Queen, Overlord  
  22  2:43  Zergling x2  
  27  2:49  Metabolic Boost  
  26  3:00  Drone x2  
  26  3:02  Zergling x2  
  29  3:06  Drone  
  29  3:07  Drone  
  31  3:24  Overlord  
  31  3:41  Spore Crawler  
  28  3:43  Drone  
  28  3:44  Drone x5  
  35  3:48  Drone x5  
  35  3:55  Drone  
  41  4:07  Hatchery  
  40  4:10  Overlord  
  40  4:14  Drone x2  
  42  4:23  Zergling x2  
  42  4:24  Zergling x2, Overlord  
  44  4:28  Queen  
  46  4:40  Roach Warren  
  46  4:45  Drone x6  
  50  4:58  Spore Crawler  
  50  4:59  Lair, Spore Crawler  
  48  5:06  Drone  
  48  5:07  Drone x4  
  53  5:10  Extractor  
  52  5:14  Queen  
  52  5:16  Overlord  
  53  5:23  Drone x6  
  53  5:27  Queen  
  61  5:32  Drone x2  
  61  5:34  Spore Crawler  
  62  5:39  Drone x4  
  66  5:44  Extractor  
  66  5:46  Overlord  
  66  5:49  Overlord x2  
  65  5:56  Overlord  
  65  5:57  Extractor  
  65  5:59  Hydralisk Den  
  63  6:05  Drone x5  
  63  6:06  Drone  
  63  6:09  Queen  
  70  6:13  Zergling x2  
  70  6:16  Zergling x2  
  70  6:17  Drone x3  
  75  6:21  Overlord  
  75  6:22  Drone x5  
  75  6:25  Extractor  
  79  6:27  Extractor  
  77  6:33  Muscular Augments  
  70  6:54  Drone x15  
  80  7:23  Evolution Chamber  
  80  7:25  Queen x3  
  80  7:27  Overlord x3  
  85  7:30  Hydralisk x6  
  97  7:40  Overlord x4  
  97  7:44  Overseer, Grooved Spines  
  97  7:45  Hatchery  
  97  7:46  Hydralisk  
  97  7:47  Hydralisk x2  
  102  7:53  Hydralisk x3  
  108  7:58  Hydralisk x3  
  108  8:01  Overseer  
  108  8:02  Hydralisk  
  116  8:07  Hydralisk x2  
  116  8:11  Hydralisk x2  
  124  8:18  Hydralisk x3  
  130  8:21  Roach x2  
  130  8:22  Zergling x2  
  135  8:29  Hydralisk x3  
  135  8:30  Zergling x4  
  139  8:47  Infestation Pit  
  139  8:48  Zerg Missile Weapons Level 1  
  138  8:51  Hydralisk x7  
  138  8:52  Overlord  
  149  9:07  Hydralisk x5  
  149  9:08  Overlord  
  149  9:09  Overlord  
  157  9:11  Overlord  
  157  9:14  Overlord  
  151  9:17  Hydralisk  
  151  9:18  Hydralisk  
  151  9:22  Hydralisk x2  
  138  9:31  Hydralisk x3  
  138  9:34  Overlord  
  138  9:42  Hydralisk x3  
  138  9:43  Drone  
  143  9:47  Ravager  
  143  9:48  Ravager  
  145  9:55  Zergling x20  
  141  10:09  Hydralisk x5  
Show
View Real Time Build Order
Export as new Build Order

LiquidMaNa Protoss 

Build Orders:  

Get SALT Encoding   

  12  0:00  Probe  
  13  0:12  Probe  
  14  0:20  Pylon  
  14  0:24  Probe  
  15  0:38  Probe (Chrono Boost)  
  16  0:45  Gateway  
  16  0:47  Probe (Chrono Boost)  
  17  0:51  Assimilator  
  17  0:52  Probe (Chrono Boost)  
  18  1:04  Probe (Chrono Boost)  
  19  1:16  Probe (Chrono Boost)  
  20  1:24  Probe (Chrono Boost)  
  21  1:32  Forge  
  21  1:33  Cybernetics Core  
  21  1:53  Pylon  
  21  2:03  Pylon  
  21  2:04  Pylon  
  21  2:14  Photon Cannon  
  20  2:28  Adept (Chrono Boost)  
  20  2:32  Probe  
  23  2:44  Probe  
  23  2:51  Adept  
  25  2:56  Probe  
  26  3:06  Warp Gate  
  26  3:08  Probe  
  27  3:20  Nexus, Probe  
  28  3:32  Probe  
  28  3:33  Adept  
  31  3:44  Probe (Chrono Boost)  
  31  3:45  Assimilator  
  30  3:49  Pylon  
  30  3:56  Probe (Chrono Boost)  
  31  4:08  Stargate  
  31  4:12  Pylon  
  31  4:30  Adept, Probe (Chrono Boost)  
  34  4:32  Probe (Chrono Boost)  
  35  4:41  Probe x2 (Chrono Boost)  
  37  4:45  Probe (Chrono Boost), Void Ray  
  37  4:46  Probe (Chrono Boost)  
  43  4:56  Probe  
  43  4:59  Nexus  
  44  5:03  Pylon  
  44  5:05  Probe  
  45  5:09  Probe  
  46  5:17  Probe  
  46  5:21  Probe  
  48  5:22  Pylon  
  48  5:25  Void Ray  
  48  5:29  Shield Battery, Probe  
  48  5:33  Probe  
  54  5:39  Assimilator  
  54  5:40  Assimilator  
  54  5:42  Probe  
  55  5:45  Stargate  
  55  5:48  Stargate  
  55  5:51  Probe  
  55  5:54  Probe  
  57  6:03  Pylon, Probe  
  58  6:06  Probe  
  58  6:10  Protoss Air Weapons Level 1  
  59  6:14  Adept  
  59  6:15  Probe x2, Void Ray  
  59  6:18  Probe  
  68  6:27  Probe x2, Void Ray  
  70  6:37  Probe  
  70  6:39  Probe x2  
  77  6:41  Void Ray  
  81  6:53  Void Ray  
  79  6:57  Pylon  
  79  7:00  Forge, Probe  
  79  7:01  Probe  
  85  7:04  Probe  
  85  7:06  Assimilator  
  84  7:09  Assimilator  
  84  7:13  Probe  
  85  7:19  Zealot, Void Ray (Chrono Boost)  
  85  7:21  Probe x2  
  93  7:28  Twilight Council  
  93  7:34  Void Ray (Chrono Boost)  
  93  7:36  Probe x2  
  95  7:40  Photon Cannon  
  95  7:42  Protoss Ground Weapons Level 1  
  99  7:44  Probe  
  99  7:48  Probe  
  99  7:49  Pylon  
  99  7:50  Pylon  
  101  7:53  Gateway  
  101  8:02  Gateway  
  101  8:07  Probe x2, Void Ray  
  101  8:08  Templar Archives  
  101  8:12  Shield Battery, Void Ray  
  103  8:19  Probe  
  113  8:20  Probe  
  113  8:23  Shield Battery  
  113  8:25  Probe  
  114  8:27  Pylon  
  114  8:36  Gateway  
  114  8:39  Void Ray  
  114  8:43  Shield Battery x2  
  114  8:47  High Templar  
  120  8:48  Psionic Storm  
  120  8:52  Shield Battery  
  120  8:53  Pylon  
  120  8:55  Void Ray  
  110  9:06  Pylon  
  110  9:08  Void Ray  
  110  9:13  Probe  
  110  9:16  Void Ray  
  103  9:26  Zealot x3  
  103  9:28  Probe  
  103  9:30  Probe  
  102  9:32  Zealot, Void Ray  
  101  9:42  Pylon  
  101  9:45  Cybernetics Core  
  101  9:47  Void Ray  
  101  9:48  Pylon  
  101  9:49  Probe x2  
  105  10:02  Zealot x4  
  105  10:03  Probe  
  103  10:23  Zealot x3  
  103  10:24  Probe  
Tags
 
Add a new tag
Caveats
  • Supply blocks, unpowered buildings, or Contaminate may cause inaccurate times.
  • Supply counts are checked every 10 seconds.